 Dungeon Crawl Stone Soup version 0.28.0-49-g6dfe1f597d (webtiles) character file.

Game seed: 6845539805787996337

126 MrIGI the Firebug (level 4, -2/33 HPs)
             Began as a Demigod Fire Elementalist on May 12, 2022.
             Slain by an iguana (9 damage)
             ... on level 5 of the Dungeon.
             The game lasted 00:16:19 (3046 turns).

MrIGI the Firebug (Demigod Fire Elementalist)       Turns: 3046, Time: 00:16:19

Health: -2/33      AC:  7    Str:  9    XL:     4   Next: 54%
Magic:  3/10       EV: 11    Int: 21    God:
Gold:   65         SH:  0    Dex: 14    Spells: 3/8 levels left

rFire   . . .      SeeInvis .   (no weapon)
rCold   . . .      Faith    .   (no shield)
rNeg    . . .      Spirit   .   i - +0 leather armour
rPois   .          Reflect  .   (no helmet)
rElec   .          Harm     .   n - +0 cloak
rCorr   .          Rampage  .   (no gloves)
Will    .....                   f - +2 pair of boots
Stlth   ++........              (no amulet)
HPRegen 0.11/turn               o - ring of flight
MPRegen 0.12/turn               (no ring)

@: flying
A: high MP 1, forlorn, divine attributes
a: no special abilities


You were on level 5 of the Dungeon.
You visited 1 branch of the dungeon, and saw 5 of its levels.

You collected 65 gold pieces.

Inventory:

Hand Weapons
 s - a +0 hand crossbow
Armour
 a - a +0 robe
 f - a +2 pair of boots (worn)
 g - a +0 pair of boots
 i - a +0 leather armour (worn)
 n - a +0 cloak (worn)
Jewellery
 k - a ring of ice
 o - a ring of flight (left hand)
Scrolls
 d - 2 scrolls of fog
 h - a scroll of amnesia {unknown}
 l - a scroll of identify {unknown}
 q - a scroll of teleportation {unknown}
 r - a scroll of blinking {unknown}
 t - a scroll of fear {unknown}
Potions
 b - a potion of cancellation
 c - a potion of magic {unknown}
 e - a potion of curing {unknown}
 j - a potion of might {unknown}
 m - a potion of haste {unknown}
 p - a potion of attraction {unknown}


   Skills:
 + Level 1.9 Dodging
 + Level 2.2 Stealth
 - Level 0.5 Unarmed Combat
 + Level 2.5 Spellcasting
 + Level 1.3 Conjurations
 * Level 0.5 Summonings
 * Level 4.0 Fire Magic


You had 3 spell levels left.
You knew the following spells:

 Your Spells              Type           Power      Damage    Failure   Level
a - Foxfire               Conj/Fire      56%        2x1d6     6%          1
b - Call Imp              Summ           4%         N/A       24%         2
c - Scorch                Fire           38%        2d6       6%          2

Your spell library contained the following spells:

 Spells                   Type           Power      Damage    Failure   Level
 Magic Dart               Conj           32%        1d4       11%         1
 Conjure Flame            Conj/Fire      14%        6-21      19%         3
 Static Discharge         Conj/Air       5%         N/A       22%         2
 Inner Flame              Hex/Fire       11%        N/A       26%         3
 Mephitic Cloud           Conj/Pois/Air  4%         N/A       43%         3
 Flame Wave               Conj/Fire      14%        2d6       54%         4
 Lightning Bolt           Conj/Air       2%         1d14      99%         5
 Maxwell's Capacitive Co  Air            1%         ∞         100%        8


Dungeon Overview and Level Annotations

Branches:
Dungeon (5/15)
 Temple: D:4-7


Innate Abilities, Weirdness & Mutations

You have an increased reservoir of magic. (+10% MP)
You shall have no god before yourself.
Your divine heritage dramatically boosts your attributes as you level up.


Message History

The orc closely misses you.
Casting: Foxfire (safe; 7% risk of failure)
Confirm with . or Enter, or press ? or * to list all spells.
You don't have enough magic to cast this spell.
The orc misses you.
An iguana comes into view.
An orc comes into view. It is wielding a +0 hand axe.
A sky beast comes into view.
An adder comes into view.
Found a white marble altar of Elyvilon.
Casting: Foxfire (safe; 7% risk of failure)
Confirm with . or Enter, or press ? or * to list all spells.
You conjure some foxfire!
The orc misses you.
The foxfire hits the orc.
You kill the orc!
The foxfire hits the iguana.
The iguana is lightly wounded.
Casting: Foxfire (safe; 6% risk of failure)
Confirm with . or Enter, or press ? or * to list all spells.
You conjure some foxfire!
The foxfire hits the iguana.
The iguana is moderately wounded.
The foxfire hits the iguana.
The iguana is moderately wounded.
An orc comes into view. It is wielding a +0 flail.
The orc shouts!
The orc moves out of view.
A shadow imp comes into view.
The orc barely misses you. The orc hits you with a +0 flail.
* * * LOW HITPOINT WARNING * * *
Found a stone staircase leading down.
Found a plate armour and a scroll labelled JUUD BUSHRE.
The orc throws a boomerang.
The boomerang closely misses you.
As you read the scroll labelled WIHYOF NEFOMEFU, it crumbles to dust.
The scroll dissolves into smoke.
It was a scroll of fog.
The orc throws a boomerang.
The boomerang hits you but does no damage.
The iguana bites you!
You die...

..........#####....##
........### #.[..#
..###...# .....#
##..# ......# # #..##
#.#...... ### ##.5.#
#.#####.. . ..
##§§..####. #.
#...#.##lo§......
.?...x#§@§§.....#
###...###§§.###.# ###
##§....... #..### ..
#..# ..> .##


You could see a small abomination, an iguana and an orc.

Vanquished Creatures
  A jelly (D:2)
  3 adders
  2 dart slugs (D:2)
  An orc (D:5)
  7 endoplasms
  A giant cockroach (D:1)
  5 goblins
  8 hobgoblins
  2 jackals (D:1)
  7 kobolds
  4 quokkas
  7 ball pythons
  3 bats (D:1)
  3 frilled lizards
  5 rats
59 creatures vanquished.

Vanquished Creatures (others)
  147 foxfires
147 creatures vanquished.

Grand Total: 206 creatures vanquished

Notes
Turn   | Place    | Note
-------+----------+-------------------------------------------
     0 | D:1      | MrIGI the Demigod Fire Elementalist began the quest for the
                  | Orb.
     0 | D:1      | Reached XP level 1. HP: 14/14 MP: 5/5
   402 | D:1      | Reached skill level 3 in Fire Magic
   545 | D:1      | Reached XP level 2. HP: 20/20 MP: 5/7
  1080 | D:1      | Reached skill level 1 in Conjurations
  1080 | D:1      | Reached XP level 3. HP: 26/26 MP: 6/8
  1304 | D:2      | Learned a level 2 spell: Call Imp
  1781 | D:2      | Reached XP level 4. HP: 33/33 MP: 8/10
  2688 | D:3      | Learned a level 2 spell: Scorch
  2796 | D:3      | Reached skill level 4 in Fire Magic
  2933 | D:3      | You are sucked into a shaft and drop 1 floor!
  2966 | D:5      | Entered Level 5 of the Dungeon
  3017 | D:5      | Noticed a sky beast
  3046 | D:5      | Slain by an iguana

Illustrated notes

Levels and vault maps discovered:
D:1:      saegor_arrival_simple_e, layout_basic
D:2:      minmay_chambers_of_twos, layout_loops_cross,
          dreamdust_ecumenical_altar_statues, lightli_corner_chamber
D:3:      layout_basic, nicolae_wu_jian_immortal_techniques, dk_noncrumbling_4,
          minmay_snake_closets, uniq_grinder
D:4:      layout_loops_corners, jmf_multi_god_temple, minmay_bent, uniq_pargi,
          uniq_edmund
D:5:      layout_rooms, mainiacjoe_overflow_two_lobes,
          mainiacjoe_overflow_small_starburst, gammafunk_ghost_abyssal_escape,
          uniq_prince_ribbit1, uniq_menkaure

Skill      XL: |  1  2  3  4 |
---------------+-------------+-----
Fire Magic     | 3 4 |  4.0
Stealth        | 2 |  2.2
Spellcasting   | 2 |  2.5
Conjurations   | 1 |  1.3
Dodging        | |  1.9
Unarmed Combat | |  0.5
Summonings     | |  0.5

Action                   |  1- 3 |  4- 6 || total
-------------------------+-------+-------++-------
Melee: Unarmed           |    14 |    44 ||    58
 Cast: Foxfire           |    47 |    43 ||    90
       Call Imp          |     2 |     2 ||     4
  Use: Scroll            |       |     1 ||     1
       Potion            |       |     1 ||     1
 Stab: Sleeping          |       |     1 ||     1
Armor: Robe              |     8 |       ||     8
       Leather armour    |       |    28 ||    28
Dodge: Dodged            |    28 |    48 ||    76
